 Dungeon Crawl Stone Soup version 0.25-a0-576-g50b708a4c4 (webtiles) character file.

Game seed: 12060224315738905574, levelgen mode: deterministic

265 Flugslaktarn the Chopper (level 5, -7/49 HPs)
             Began as a Deep Dwarf Fighter on Mar 1, 2020.
             Mangled by Menkaure (15 damage)
             ... on level 5 of the Dungeon.
             The game lasted 00:00:58 (1178 turns).

Flugslaktarn the Chopper (Deep Dwarf Fighter)       Turns: 1178, Time: 00:00:59

Health: -7/49      AC: 13    Str: 20    XL:     5   Next: 99%
Magic:  4/4        EV:  4    Int:  9    God:
Gold:   122        SH:  9    Dex: 12    Spells: 4/4 levels left

rFire    . . .     SeeInvis .   a - +0 war axe
rCold    . . .     Gourm    +   c - +0 kite shield
rNeg     . . .     Faith    .   h - +0 plate armour
rPois    .         Spirit   .   m - +0 helmet
rElec    .         Reflect  .   (no cloak)
rCorr    +         Harm     .   (no gloves)
MR       .....                  (no boots)
Stlth    ..........             n - amulet of the gourmand
HPRegen  0.00/turn              k - ring of resist corrosion
MPRegen  0.09/turn              l - ring of attention (curse)

@: non-regenerating
A: damage resistance, heal wounds, sense surroundings 1, no regeneration
a: Heal Wounds


You were on level 5 of the Dungeon.
You were not hungry.

You visited 1 branch of the dungeon, and saw 5 of its levels.

You collected 122 gold pieces.

Inventory:

Hand Weapons
 a - a +0 war axe (weapon)
Armour
 b - a +0 scale mail
 c - a +0 kite shield (worn)
 h - a +0 plate armour (worn)
   (You found it on level 1 of the Dungeon)
 m - a +0 helmet (worn)
   (You found it on level 2 of the Dungeon)
Jewellery
 k - a ring of resist corrosion (left hand)
   (You found it on level 2 of the Dungeon)
 l - a cursed ring of attention (right hand)
   (You found it on level 2 of the Dungeon)
 n - an amulet of the gourmand (around neck)
   (You found it on level 3 of the Dungeon)
Scrolls
 i - 2 scrolls of identify {unknown}
Potions
 d - a potion of might
 g - a potion of curing {unknown}
 j - a potion of ambrosia {unknown}
Comestibles
 e - 3 rations


   Skills:
 + Level 3.6 Fighting
 * Level 4.6 Axes
 + Level 4.4 Armour
 + Level 4.3 Shields


You had 4 spell levels left.
You didn't know any spells.
Your spell library was empty.

Dungeon Overview and Level Annotations

Branches:
Dungeon (5/15)
 Temple: D:4-7

Altars:
Elyvilon

Shops:
D:4 *

Annotations:
D:5 Menkaure


Innate Abilities, Weirdness & Mutations

You are resistant to damage.
You can heal yourself by infusing magical energy.
You passively map a small area around you.
You do not regenerate.


Message History

Menkaure hits you.
You hit Menkaure but do no damage.
Menkaure casts a spell.
Menkaure seems to speed up.
You hit Menkaure.
Menkaure is lightly damaged.
Menkaure hits you!
You hit Menkaure.
Menkaure is lightly damaged.
Menkaure hits you but does no damage. Menkaure hits you.
You slash Menkaure!
Menkaure is heavily damaged.
Menkaure calls on the powers of darkness!
Your body is wracked with pain!
Your shield and plate armour prevent you from hitting Menkaure.
Menkaure is heavily damaged.
Menkaure hits you!
* * * LOW HITPOINT WARNING * * *
Menkaure hits you!
You die...

, ....., .....
...... , ,..... ,
, , , * .....
..... * , #...
...# * * +
####>..###...###
, *
.....%.(.......#
, ,
...(...........#
,........@M.....#
##..##.##.##.## ,
*#######.##.##, *
............#
............#
........<...#,
............# ,
............# ,
............# ,


You could see Menkaure.

Vanquished Creatures
  An ogre (D:4)
  A scorpion (D:4)
  Ijyb (D:3)
  A worker ant (D:4)
  4 adders
  An ooze (D:2)
  An adder skeleton (D:4)
  3 worms (D:2)
  An orc (D:3)
  A giant cockroach (D:3)
  3 hobgoblins
  4 jackals (D:2)
  A quokka (D:4)
  A ball python (D:2)
  2 bats
  2 frilled lizards (D:2)
  5 goblins
  A leopard gecko skeleton (D:4)
  5 rats
39 creatures vanquished.

Notes
Turn   | Place    | Note
-------+----------+-------------------------------------------
     0 | D:1      | Flugslaktarn the Deep Dwarf Fighter began the quest for the
                  | Orb.
     0 | D:1      | Reached XP level 1. HP: 20/20 MP: 1/1
   188 | D:2      | Reached XP level 2. HP: 17/27 MP: 2/2
   418 | D:2      | Reached XP level 3. HP: 25/33 MP: 3/3
   539 | D:3      | Noticed Ijyb
   550 | D:3      | Killed Ijyb
   550 | D:3      | Reached XP level 4. HP: 28/42 MP: 4/4
   753 | D:4      | Found Plog's General Store.
   764 | D:4      | Found a white marble altar of Elyvilon.
   816 | D:4      | Reached XP level 5. HP: 23/49 MP: 5/5
  1004 | D:4      | Noticed an ogre
  1019 | D:4      | Killed an ogre
  1167 | D:5      | Entered Level 5 of the Dungeon
  1170 | D:5      | Noticed Menkaure
  1178 | D:5      | Mangled by Menkaure

Levels and vault maps discovered:
D:1:      kennysheep_arrival_seaside, layout_basic
D:2:      layout_loops_ring
D:3:      layout_basic, minivault_19, uniq_ijyb, uniq_robin, uniq_jessica
D:4:      layout_basic, elyvilon_altar_5, serial_shops, shop_fountains
D:5:      layout_gridville, grunt_dithmenos_smoke_and_mirrors, first_ration,
          uniq_edmund, uniq_menkaure

Skill      XL: |  1  2  3  4 |
---------------+-------------+-----
Axes           | 3 4 |  4.6
Fighting       | 3 |  3.6
Armour         | 4 |  4.4
Shields        | 4 |  4.3

Action                   |  1- 3 |  4- 6 || total
-------------------------+-------+-------++-------
Melee: War axe           |    72 |    82 ||   154
       Unarmed           |     6 |     2 ||     8
 Abil: Heal Wounds       |     1 |     5 ||     6
  Eat: Chunk             |       |     3 ||     3
Armor: Plate armour      |    35 |    45 ||    80
       Scale mail        |     6 |       ||     6
       Skin              |       |     1 ||     1
Dodge: Dodged            |    13 |    10 ||    23
Block: Kite shield       |    42 |    31 ||    73

Table legend:
 A = Non-vault XP
 B = Vault XP
 C = Vault XP percentage of total XP
 D = Non-vault monster count
 E = Vault monster count
 F = Vault count percentage of total count
                 A         B        C        D         E       F
            +---------+---------+-------+---------+---------+-------
      Total |     344 |      35 |   9.2 |      38 |       1 |   2.6
            +---------+---------+-------+---------+---------+-------
        D:1 |      10 |       0 |   0.0 |       7 |       0 |   0.0
        D:2 |      55 |       0 |   0.0 |      17 |       0 |   0.0
        D:3 |      22 |      35 |  61.4 |       6 |       1 |  14.3
        D:4 |     257 |       0 |   0.0 |       8 |       0 |   0.0
            +---------+---------+-------+---------+---------+-------
